 Dungeon Crawl Stone Soup version 0.30-a0-242-g7bf8e6d787 (webtiles) character file.

Game seed: 10116415631154133801

249 Anon1729 the Chopper (level 5, -12/47 HPs)
             Began as a Minotaur Monk on Oct 11, 2022.
             Was an Elder of Zin.
             Mangled by a two-headed ogre
             ... wielding a +0 giant club
              (14 damage)
             ... on level 5 of the Dungeon.
             The game lasted 00:03:44 (2922 turns).

Anon1729 the Chopper (Minotaur Monk)                Turns: 2922, Time: 00:03:44

Health: -12/47     AC:  5    Str: 17    XL:     5   Next: 86%
Magic:  0/5        EV: 11    Int:  7    God:    Zin [****..]
Gold:   127        SH:  0    Dex: 13    Spells: 4/4 levels left

rFire   + . .      SeeInvis +    u - +0 war axe
rCold   . . .      Faith    .    (no shield)
rNeg    . . .      Spirit   +    l - +0 ring mail
rPois   .          Reflect  .    (helmet restricted)
rElec   .          Harm     .    (no cloak)
rCorr   .          Rampage  .    (no gloves)
Will    .....                    (no boots)
Stlth   +.........               t - amulet of guardian spirit
HPRegen 0.27/turn                i - ring of see invisible
MPRegen 0.09/turn                m - ring of protection from fire

@: about to teleport, on recite cooldown
A: horns 2, retaliatory headbutt
a: Renounce Religion, Recite, Vitalisation, Imprison, Donate Gold


You were on level 5 of the Dungeon.
You worshipped Zin.
Zin was greatly pleased with you.
You visited 1 branch of the dungeon, and saw 5 of its levels.

You collected 141 gold pieces.
You donated 14 gold pieces to Zin.

Inventory:

Hand Weapons
 a - a +0 hand axe
 u - a +0 war axe (weapon)
Missiles
 d - 5 boomerangs of dispersal (quivered)
Armour
 b - a +0 robe
 l - a +0 ring mail (worn)
Jewellery
 i - a ring of see invisible (left hand)
 m - a ring of protection from fire (right hand)
 t - an amulet of guardian spirit (around neck)
Scrolls
 h - a scroll of silence {unknown}
 j - 2 scrolls of identify
 k - 4 scrolls of poison
 n - a scroll of blinking {unknown}
 p - a scroll of acquirement {unknown}
 r - 2 scrolls of teleportation
 s - 3 scrolls of enchant armour {unknown}
Potions
 c - a potion of heal wounds {unknown}
 e - a potion of haste {unknown}
 f - a potion of cancellation {unknown}
 g - a potion of brilliance
 o - 2 potions of flight {unknown}
 q - a potion of invisibility {unknown}


   Skills:
 + Level 4.8 Fighting
 * Level 5.9 Axes
 + Level 2.8 Armour
 - Level 3.3 Dodging
 - Level 1.6 Stealth
 * Level 1.8 Invocations


You had 4 spell levels left.
You didn't know any spells.
Your spell library contained the following spells:

 Spells                   Type           Power      Damage    Failure   Level
 Gell's Gravitas          Tloc           0%         N/A       94%         3
 Lesser Beckoning         Tloc           0%         N/A       94%         3
 Teleport Other           Tloc           0%         N/A       94%         3


Dungeon Overview and Level Annotations

Branches:
Dungeon (5/15)
 Temple: D:4-7

Altars:
Cheibriados
Elyvilon
Fedhas
Gozag
Hepliaklqana
Vehumet
Zin

Annotations:
D:2 Sigmund
D:5 3 runed translucent doors, Tenar's ghost, novice FoFi


Innate Abilities, Weirdness & Mutations

You have a pair of horns on your head.
You reflexively headbutt those who attack you in melee.


Message History

The iguana attacks as you move away! The iguana completely misses you.
The iguana attacks as you move away! The iguana bites you!
You hit the iguana but do no damage. The iguana closely misses you.
You hit the iguana but do no damage. You headbutt the iguana.
The iguana is lightly wounded.
The iguana closely misses you.
Okay, then.
Activating: Recite (1% risk of failure)
Press: ? - help, Dir - look around, f - activate You clear your throat and prepare to recite. "The voice of Zin, pure and clear, did say that the bastard children of Xom..."
The orc is smitten by the wrath of Zin.
You kill the orc!
The two-headed ogre hits you with a +0 giant club!!
The two-headed ogre barely misses you.
You barely miss the two-headed ogre. You headbutt the two-headed ogre.
You punch the two-headed ogre, but do no damage.
The two-headed ogre is lightly wounded. "...were not lawful!
And hearing this, the people rose up..."
You hit the two-headed ogre. You headbutt the two-headed ogre.
The two-headed ogre is moderately wounded. "...and embraced lawfulness, for they feared Zin's wrath."
You finish reciting Abominations 2:68.
The two-headed ogre barely misses you.
The two-headed ogre hits you with a +0 giant spiked club!!
* * * LOW HITPOINT WARNING * * *
Okay, then.
Okay, then.
Unknown command.
Okay, then.
Unknown command.
As you read the scroll labelled JOL DIS MIGIQE, it crumbles to dust.
It is a scroll of identify.
k - 4 scrolls of poison The two-headed ogre misses you.
The two-headed ogre barely misses you.
As you read the scroll labelled LUTSIZX CAEK, it crumbles to dust.
You feel strangely unstable.
It was a scroll of teleportation.
The two-headed ogre attacks as you move away!
The two-headed ogre hits you with a +0 giant club!
You die...

.. #.####### .......#
###### #.....# #....#
# #.....####....# #O
#.....)lO@....# #.
#.....#.......#
##$8∩8
##..###.......##....#
####∩....
............####....#
#..#8..8$
##........####....#
#..#.$._.
####.......#######
#..##$$WO #.....#.###
#...##+++
#.....##...# #......
....###...##.#
#####......


You could see a two-headed ogre and an iguana.

Vanquished Creatures
  A scorpion (D:5)
  An orc priest (D:4)
  A hound (D:5)
  An iguana (D:3)
  4 adders
  A worm (D:3)
  2 dart slugs
  4 orcs
  9 bats
  4 endoplasms
  2 giant cockroaches
  4 goblins
  5 hobgoblins
  4 jackals
  2 quokkas
  6 ball pythons
  4 frilled lizards
  5 kobolds
  6 rats
66 creatures vanquished.

Notes
Turn   | Place    | Note
-------+----------+-------------------------------------------
     0 | D:1      | Anon1729 the Minotaur Monk began the quest for the Orb.
     0 | D:1      | Reached XP level 1. HP: 19/19 MP: 0/0
    97 | D:1      | Reached XP level 2. HP: 19/27 MP: 1/1
    99 | D:1      | Reached skill level 4 in Axes
   242 | D:1      | Reached skill level 1 in Armour
   715 | D:1      | Reached XP level 3. HP: 33/33 MP: 2/2
   814 | D:2      | Noticed Sigmund
  1080 | D:3      | Noticed an eye of devastation
  1083 | D:3      | Found a faded altar of an unknown god.
  1085 | D:3      | Noticed a golden eye
  1085 | D:3      | Noticed a floating eye
  1085 | D:3      | Noticed a golden eye
  1099 | D:3      | Prayed at the altar of an unknown god.
  1099 | D:3      | Became a worshipper of Zin the Law-Giver
  1099 | D:3      | Reached * piety under Zin
  1099 | D:3      | Reached ** piety under Zin
  1099 | D:3      | Reached *** piety under Zin
  1105 | D:3      | Found a radiant altar of Vehumet.
  1106 | D:3      | Found a hazy altar of Hepliaklqana.
  1106 | D:3      | Found an opulent altar of Gozag.
  1110 | D:3      | Found a white marble altar of Elyvilon.
  1110 | D:3      | Found a snail-covered altar of Cheibriados.
  1111 | D:3      | Found a blossoming altar of Fedhas.
  1448 | D:3      | Reached XP level 4. HP: 29/40 MP: 3/3
  1554 | D:3      | Reached skill level 5 in Axes
  2438 | D:4      | Reached skill level 1 in Invocations
  2438 | D:4      | Reached XP level 5. HP: 33/47 MP: 4/4
  2751 | D:5      | Entered Level 5 of the Dungeon
  2751 | D:5      | Found a runed translucent gate.
  2751 | D:5      | Found a runed translucent gate.
  2751 | D:5      | Found a runed translucent gate.
  2751 | D:5      | Found an opulent altar of Gozag.
  2756 | D:5      | Noticed Tenar's ghost (novice FoFi)
  2757 | D:5      | Noticed a two-headed ogre
  2855 | D:5      | Reached **** piety under Zin
  2902 | D:5      | Noticed a two-headed ogre
  2917 | D:5      | HP: 1/47 [two-headed ogre/+0 giant club (21)]
  2922 | D:5      | Mangled by a two-headed ogre

Illustrated notes

Levels and vault maps discovered:
D:1:      nagdon_arrival_zigzag_paths, layout_basic
D:2:      layout_basic, serial_forest, infiniplex_forest_lined_room_3,
          infiniplex_forest_lined_room_2, infiniplex_forest_straight_3,
          infiniplex_forest_clump_tiny, infiniplex_forest_lined_room_2,
          grunt_decor_resistance, uniq_sigmund, uniq_jessica
D:3:      minmay_recursive_quarters, layout_loops_corners,
          grunt_temple_overflow_open, hellmonk_ecumenical_altar_watching_god
D:4:      layout_basic
D:5:      layout_rooms, ebering_ghost_gozag, nicolae_elemental_shop,
          uniq_blork_the_orc

Skill      XL: |  1  2  3  4 |
---------------+-------------+-----
Axes           | 4 5 |  5.9
Armour         | 1 2 |  2.8
Fighting       | 4 |  4.8
Invocations    | 1 |  1.8
Dodging        | |  3.3
Stealth        | |  1.6

Action                   |  1- 3 |  4- 6 || total
-------------------------+-------+-------++-------
Melee: Hand axe          |    90 |    50 ||   140
       Headbutt          |    11 |    12 ||    23
       Punch             |     1 |     1 ||     2
       War axe           |       |    11 ||    11
Invok: Recite            |       |     1 ||     1
  Use: Potion            |     4 |       ||     4
       Scroll            |     2 |     2 ||     4
 Stab: Sleeping          |     1 |       ||     1
Armor: Robe              |    19 |       ||    19
       Skin              |    93 |       ||    93
       Ring mail         |    19 |    18 ||    37
Dodge: Dodged            |    90 |    45 ||   135

Table legend: (Time is in decaauts)
 A = Elapsed time spent in this place.
 B = Non-inter-level travel time spent in this place.
 C = Inter-level travel time spent in this place.
 D = Time resting spent in this place.
 E = Time spent auto-exploring this place.
 F = Levels seen in this place.
 G = Mean time per level.
                   A        B        C        D        E       F      G
               +--------+--------+--------+--------+--------+-----+--------+
         Total |   2932 |   2796 |    136 |    229 |   2085 |   5 |  586.4 |
       Dungeon |   2932 |   2796 |    136 |    229 |   2085 |   5 |  586.4 |
               +--------+--------+--------+--------+--------+-----+--------+

Top non-repeatable levels by time:
     D:3: 1133 daAuts
     D:1: 918 daAuts
     D:4: 560 daAuts
     D:5: 173 daAuts
     D:2: 146 daAuts
